 Dungeon Crawl Stone Soup version 0.31-a0-424-g41b3b0883d (webtiles) character file.

Game seed: 11601605910378019468

5163 Morbidden the Grappler (level 10, -3/141 HPs)
             Began as a Troll Shapeshifter on July 30, 2023.
             Was a Priest of Cheibriados.
             Slain by a two-headed ogre
             ... wielding a +0 giant club
              (5 damage)
             ... on level 9 of the Dungeon.
             The game lasted 00:08:34 (7346 turns).

Morbidden the Grappler (Troll Shapeshifter)         Turns: 7346, Time: 00:08:34

Health: -3/141     AC:  7    Str: 35    XL:     10   Next: 33%
Magic:  11/11      EV: 12    Int: 10    God:    Cheibriados [***...]
Gold:   631        SH:  0    Dex: 16    Spells: 9/9 levels left

rFire   . .          .
                       - Unarmed
rCold   . . .        (no shield)
rNeg    . . .        H - +0 steam dragon scales
rPois   .            (helmet currently unavailable)
rElec   .            (cloak currently unavailable)
rCorr   .            (gloves unavailable)
SInv    .            (boots unavailable)
Will    .....        (no amulet) Stlth
                     E - ring of wizardry
HPRegen 1.23/turn    (no ring)
MPRegen 0.12/turn

%: wizardry (x1)
@: berserking, beast-form, very slow
A: beast (slay +4), large, unfitting armour, claws 3, regeneration 1, shaggy fur
1, tough skin 1
a: Begin Untransformation, Renounce Religion, Bend Time, Temporal Distortion


You were on level 9 of the Dungeon.
You worshipped Cheibriados.
Cheibriados was most pleased with you.
You were a hulking beast.
You visited 2 branches of the dungeon, and saw 10 of its levels.

You collected 631 gold pieces.

Inventory:

Missiles
 b - 2 boomerangs
 d - 32 stones (quivered)
 u - 13 poisoned darts
Armour
 r - a scarf of repulsion
 w - a +0 robe of willpower
 G - a +0 cloak
 H - +0 steam dragon scales (worn)
Jewellery
 E - a ring of wizardry (left claw)
 J - a ring of resist corrosion
Talismans
 c - a beast talisman (active)
 I - a blade talisman
Wands
 y - a wand of paralysis (3)
 F - a wand of polymorph (1)
Scrolls
 e - 5 scrolls of identify
 f - 2 scrolls of silence {unknown}
 h - 3 scrolls of teleportation
 j - a scroll of revelation {unknown}
 n - 3 scrolls of noise {unknown}
 o - a scroll of vulnerability {unknown}
 p - 3 scrolls of blinking {unknown}
 q - a scroll of fog {unknown}
 s - a scroll of enchant weapon {unknown}
 v - 2 scrolls of amnesia {unknown}
 x - a scroll of enchant armour {unknown}
 A - 2 scrolls of brand weapon {unknown}
 B - a scroll of immolation {unknown}
 C - a scroll of summoning {unknown}
Potions
 a - 2 potions of berserk rage
 g - 2 potions of ambrosia {unknown}
 i - a potion of cancellation {unknown}
 k - a potion of might {unknown}
 l - 3 potions of degeneration {unknown}
 m - 2 potions of heal wounds {unknown}
 t - 2 potions of mutation {unknown}
 z - a potion of curing {unknown}
 D - 2 potions of enlightenment {unknown}


   Skills:
 * Level 4.4 Fighting
 * Level 4.4 Throwing
 * Level 5.1 Dodging
 + Level 0.9 Stealth
 + Level 9.9 Unarmed Combat
 * Level 3.3 Invocations
 * Level 6.1 Shapeshifting


You had 9 spell levels left.
You didn't know any spells.
Your spell library contained the following spells:

 Spells                   Type           Power      Damage    Failure   Level
 Sublimation of Blood     Necr           0%         N/A       22%         2
 Inner Flame              Hex/Fire       0%         N/A       41%         3
 Flame Wave               Conj/Fire      0%         2d4       80%         4
 Petrify                  Tmut/Erth      0%         N/A       80%         4
 Sticky Flame             Conj/Fire      0%         2d3       80%         4
 Irradiate                Conj/Tmut      0%         3d11      98%         5


Dungeon Overview and Level Annotations

Branches:
Dungeon (9/15)             Temple (1/1) D:6
   Lair: D:8-11         Orc: D:9-12

Altars:
Ashenzari
Cheibriados
Dithmenos
Elyvilon
Fedhas
Gozag
Hepliaklqana
Kikubaaqudgha
Makhleb
Nemelex Xobeh
Okawaru
Qazlal
Ru
Sif Muna
Trog
Uskayaw
Vehumet
Wu Jian
Xom
Yredelemnul
Zin
The Shining One

Shops:
D:8 *


Innate Abilities, Weirdness & Mutations

You are a hulking beast.
Your limbs bulge with bestial killing power. (Slay +4)
You are too large for most types of armour.
You have claws for hands.
Your natural rate of healing is unusually fast.
You are covered in fur. (AC +1)
You have tough skin. (AC +1)


Message History

The eight-headed hydra bites you but does no damage.
The eight-headed hydra bites you. The eight-headed hydra bites you! x2
The eight-headed hydra barely misses you.
The eight-headed hydra closely misses you.
The eight-headed hydra bites you.
Unknown command.
Unknown command.
Unknown command.
The eight-headed hydra attacks as you move away!
The eight-headed hydra bites you but does no damage.
The eight-headed hydra bites you!
* * * LOW HITPOINT WARNING * * *
The eight-headed hydra bites you.
* * * LOW HITPOINT WARNING * * *
The eight-headed hydra barely misses you. x3
The eight-headed hydra bites you but does no damage. x2
Your surroundings suddenly seem different.
A two-headed ogre and a bullfrog come into view.
The two-headed ogre misses you.
The two-headed ogre hits you with a +0 giant spiked club!
* * * LOW HITPOINT WARNING * * *
The bullfrog moves out of view.
Unknown command.
Unknown command.
Unknown command.
Unknown command.
A red film seems to cover your vision as you go berserk!
Cheibriados forces you to slow down.
You feel mighty!
The two-headed ogre hits you with a +0 giant club!
* * * LOW HITPOINT WARNING * * *
The two-headed ogre barely misses you.
Unknown command.
Unknown command.
Unknown command.
Unknown command.
You mangle the two-headed ogre!!
The two-headed ogre is moderately wounded.
The two-headed ogre hits you with a +0 giant club.
You die...

#### ...
#####'#####
#.....h...#
#.#.#O#.#.#
... ...
#.#. .#.#
..... ...+
#.# #. .# #
#. .. ..
....# #. .#
....#


You could see a two-headed ogre.

Vanquished Creatures
  2 trolls (D:9)
  A hornet (D:9)
  A wraith (D:6)
  Sigmund (D:2)
  3 wyverns
  4 yaks
  A steam dragon (D:8)
  A water moccasin (D:9)
  2 ice beasts
  4 orc warriors
  A sky beast (D:7)
  A black bear (D:6)
  2 centaurs
  A phantom (D:6)
  2 kobold brigands
  3 bullfrogs
  2 scorpions (D:6)
  A gnoll sergeant (D:7)
  2 killer bees
  10 howler monkeys
  2 jellies
  3 hounds
  8 iguanas
  4 orc priests
  Jessica (D:3)
  Natasha (thrice) (D:2)
  4 orc wizards
  Terence (D:3)
  8 gnolls
  13 adders
  A white imp (D:7)
  2 ufetubi
  3 worms
  5 dart slugs
  25 orcs
  6 bats
  9 endoplasms
  A giant cockroach (D:3)
  8 goblins
  10 hobgoblins
  A jackal (D:1)
  4 quokkas
  10 ball pythons
  6 frilled lizards
  23 kobolds
  4 rats
210 creatures vanquished.

Notes
Turn   | Place    | Note
-------+----------+-------------------------------------------
     0 | D:1      | Morbidden the Troll Shapeshifter began the quest for the
                  | Orb.
     0 | D:1      | Reached XP level 1. HP: 18/18 MP: 0/0
    80 | D:1      | Reached XP level 2. HP: 25/26 MP: 1/1
   135 | D:1      | You fall into a shaft and drop 1 floor!
   290 | D:2      | Reached skill level 1 in Fighting
   313 | D:2      | Noticed Natasha
   323 | D:2      | Killed Natasha
   324 | D:2      | Reached XP level 3. HP: 17/33 MP: 2/2
   429 | D:2      | Reached XP level 4. HP: 41/41 MP: 3/3
   945 | D:2      | Reached skill level 4 in Unarmed Combat
  1067 | D:2      | Noticed Sigmund
  1080 | D:2      | Killed Sigmund
  1081 | D:2      | Reached skill level 1 in Throwing
  1081 | D:2      | Reached XP level 5. HP: 46/48 MP: 4/4
  1386 | D:2      | Noticed Natasha
  1394 | D:2      | Killed Natasha
  1395 | D:2      | Reached XP level 6. HP: 55/55 MP: 5/5
  1411 | D:2      | Noticed Natasha
  1417 | D:2      | Killed Natasha
  1418 | D:2      | Reached skill level 5 in Unarmed Combat
  2225 | D:3      | Noticed Terence
  2229 | D:3      | Killed Terence
  2353 | D:3      | Noticed Jessica
  2358 | D:3      | Killed Jessica
  2990 | D:4      | Reached XP level 7. HP: 12/63 MP: 6/6
  3075 | D:4      | Found a white marble altar of Elyvilon.
  3139 | D:4      | Identified the +5 scale mail of the Slug {Str+3}
  3478 | D:5      | Entered Level 5 of the Dungeon
  3633 | D:5      | Identified the +1 scale mail of Dagahec {Stlth+}
  3800 | D:5      | Reached skill level 6 in Unarmed Combat
  4371 | D:6      | Reached XP level 8. HP: 72/72 MP: 7/7
  4411 | D:6      | Reached skill level 7 in Unarmed Combat
  4463 | D:6      | Reached skill level 5 in Shapeshifting
  4474 | D:6      | Found a staircase to the Ecumenical Temple.
  4499 | Temple   | Entered the Ecumenical Temple
  4593 | Temple   | Became a worshipper of Cheibriados the Contemplative
  5216 | D:6      | Reached skill level 8 in Unarmed Combat
  5216 | D:6      | Reached skill level 1 in Invocations
  5535 | D:7      | Reached * piety under Cheibriados
  5536 | D:7      | Reached XP level 9. HP: 81/83 MP: 9/9
  5583 | D:7      | Found an ancient bone altar of Kikubaaqudgha.
  5854 | D:7      | Found a broken altar of Ashenzari.
  5898 | D:7      | HP: 6/124 [gnoll/+0 spear[a gnoll sergeant] (6)]
  6434 | D:8      | Found Zin's Purification Station.
  6437 | D:8      | Found a glowing silver altar of Zin.
  6491 | D:8      | Found a hide-covered altar of Uskayaw.
  6598 | D:8      | Reached skill level 9 in Unarmed Combat
  6671 | D:8      | Reached ** piety under Cheibriados
  7190 | D:9      | Noticed a troll
  7195 | D:9      | Reached XP level 10. HP: 65/92 MP: 11/11
  7315 | D:9      | Reached skill level 5 in Dodging
  7328 | D:9      | Reached *** piety under Cheibriados
  7340 | D:9      | Noticed an eight-headed hydra
  7344 | D:9      | Noticed a two-headed ogre
  7345 | D:9      | HP: 1/141 [two-headed ogre/+0 giant club (15)]
  7346 | D:9      | Slain by a two-headed ogre

Illustrated notes

Levels and vault maps discovered:
D:1:      sevenhm_arrival_forest_fort_small_3, layout_basic,
          minmay_split_cup_small
D:2:      layout_loops_ring, uniq_sigmund, uniq_natasha
D:3:      layout_loops_cross, uniq_jessica, uniq_terence
D:4:      layout_loops_ring, elyvilon_altar_1, minivault_4
D:5:      layout_loops_ring, chequers_serial_rivers_micro_e
D:6:      layout_basic, minmay_temple_entry_statues_pillars, nicolae_half_adder
D:7:      layout_basic, ashenzari_conservatory_becter, kiku_gazebo_pond_becter
D:8:      layout_layer_cave, zin_purify,
          mainiacjoe_overflow_concentric_impassable, st_stairs_9
D:9:      minmay_the_grid_net [minmay_the_grid_holed_spiral,
          minmay_the_grid_rooms, minmay_the_grid_spin_star,
          minmay_the_grid_minigrid_small, minmay_the_grid_armoury,
          minmay_the_grid_prize_shrinking_boxes], layout_rooms,
          david_lair_shrubbed
Temple:   minmay_temple_bridge_d

Skill      XL: |  1  2  3  4  5  6  7  8  9 10 |
---------------+-------------------------------+-----
Fighting       | 1 2 3 4 |  4.4
Dodging        | 2 3 4 5 |  5.1
Unarmed Combat | 4 5 6 8 9 |  9.9
Throwing       | 1 2 4 |  4.4
Shapeshifting  | 4 5 6 |  6.1
Invocations    | 1 3 |  3.3
Stealth        | |  0.9

Action                     |  1- 3 |  4- 6 |  7- 9 | 10-12 || total
---------------------------+-------+-------+-------+-------++-------
  Melee: Unarmed           |    71 |   122 |   220 |    46 ||   459
         Punch             |     3 |     2 |     5 |     2 ||    12
  Throw: Stone             |       |     9 |    70 |     3 ||    82
    Use: Scroll            |       |       |     2 |     1 ||     3
         Potion            |       |       |     1 |     2 ||     3
   Stab: Sleeping          |       |       |     1 |       ||     1
 Armour: Animal skin       |    29 |    20 |       |       ||    49
         Robe              |       |     7 |    46 |       ||    53
         Steam dragon scal |       |       |     9 |    16 ||    25
         Skin              |       |       |       |     6 ||     6
  Dodge: Dodged            |    40 |    53 |   106 |    28 ||   227

Table legend: (Time is in decaauts)
 A = Elapsed time spent in this place.
 B = Non-inter-level travel time spent in this place.
 C = Inter-level travel time spent in this place.
 D = Time resting spent in this place.
 E = Time spent auto-exploring this place.
 F = Levels seen in this place.
 G = Mean time per level.
                   A        B        C        D        E       F      G
               +--------+--------+--------+--------+--------+-----+--------+
         Total |   8137 |   7728 |    409 |    169 |   6285 |  10 |  813.7 |
       Dungeon |   7947 |   7706 |    241 |    150 |   6285 |   9 |  883.0 |
        Temple |    189 |     21 |    168 |     19 |      0 |   1 |  189.0 |
               +--------+--------+--------+--------+--------+-----+--------+

Top non-repeatable levels by time:
     D:2: 1326 daAuts
     D:7: 1225 daAuts
     D:8: 1182 daAuts
     D:6: 1059 daAuts
     D:4: 839 daAuts
     D:5: 810 daAuts
     D:3: 742 daAuts
     D:1: 552 daAuts
     D:9: 209 daAuts
  Temple: 189 daAuts
